 Dungeon Crawl Stone Soup version 0.28.0-45-g0d030f2227 (webtiles) character file.

Game seed: 17919103955829221325

221 pkoi the Insei (level 5, 0/41 HPs)
             Began as a Demigod Gladiator on Apr 22, 2022.
             Succumbed to a scorpion's poison
             ... on level 3 of the Dungeon.
             The game lasted 00:04:40 (3436 turns).

pkoi the Insei (Demigod Gladiator)                  Turns: 3436, Time: 00:04:40

Health: 0/41       AC: 11    Str: 15    XL:     5   Next: 38%
Magic:  7/7        EV:  4    Int: 14    God:
Gold:   128        SH:  0    Dex: 15    Spells: 4/4 levels left

rFire   . . .      SeeInvis .     - Unarmed
rCold   . . .      Faith    .   (no shield)
rNeg    . . .      Spirit   .   m - +0 plate armour
rPois   .          Reflect  .   b - +0 helmet
rElec   .          Harm     .   (no cloak)
rCorr   .          Rampage  .   (no gloves)
Will    .....                   (no boots)
Stlth   ..........              (no amulet)
HPRegen 0.13/turn               (no ring)
MPRegen 0.10/turn               (no ring)

@: lethally poisoned (0 -> -15)
A: high MP 1, forlorn, divine attributes
a: no special abilities


You were on level 3 of the Dungeon.
You visited 1 branch of the dungeon, and saw 4 of its levels.

You collected 128 gold pieces.

Inventory:

Hand Weapons
 g - a +1 dagger of venom
 q - a +4 dagger
Missiles
 c - 3 throwing nets (quivered)
Armour
 a - a +0 leather armour
 b - a +0 helmet (worn)
 m - a +0 plate armour (worn)
Scrolls
 e - 2 scrolls of identify {unknown}
 i - a scroll of brand weapon {unknown}
 k - a scroll of amnesia {unknown}
 n - a scroll of blinking {unknown}
 o - a scroll of holy word {unknown}
Potions
 d - 4 potions of curing {unknown}
 f - 3 potions of haste {unknown}
 h - a potion of degeneration {unknown}
 j - a potion of heal wounds {unknown}
 l - a potion of might {unknown}
 p - a potion of invisibility


   Skills:
 - Level 1.7 Fighting
 - Level 1.7 Throwing
 - Level 2.6 Dodging
 + Level 5.9 Unarmed Combat


You had 4 spell levels left.
You didn't know any spells.
Your spell library was empty.

Dungeon Overview and Level Annotations

Branches:
Dungeon (4/15)
 Temple: D:4-7


Innate Abilities, Weirdness & Mutations

You have an increased reservoir of magic. (+10% MP)
You shall have no god before yourself.
Your divine heritage dramatically boosts your attributes as you level up.


Message History

The scorpion stings you but does no damage.
You barely miss the scorpion.
The scorpion is moderately wounded.
The scorpion stings you.
You are poisoned.
The scorpion poisons you!
You completely miss the scorpion.
The scorpion is moderately wounded.
You feel sick.
The scorpion stings you but does no damage.
The scorpion stings you.
* * * LOW HITPOINT WARNING * * *
You are more poisoned.
The scorpion poisons you!
You barely miss the scorpion.
The scorpion is moderately wounded.
You feel very sick. The scorpion barely misses you.
Unknown command.
You hit the scorpion.
The scorpion is severely wounded.
You feel sick.
The scorpion stings you but does no damage.
You hit the scorpion.
The scorpion is severely wounded.
You feel sick. The scorpion stings you!
* * * LOW HITPOINT WARNING * * *
You are lethally poisoned!
The scorpion poisons you!
Unknown command.
You hit the scorpion.
The scorpion is severely wounded.
* * * LOW HITPOINT WARNING * * *
You feel very sick. The scorpion stings you!
* * * LOW HITPOINT WARNING * * *
Unknown command.
You completely miss the scorpion.
The scorpion is severely wounded.
You die...

###### #....#####
#.##.#...#######
###.##.#.#.......# ###
..#.##.#.#######@# #<#
#.#.##)#.#.....#s# #.#
..)..)..........g#####.#
....######.#....(....#.##
#......# #.#.#(#####.#..#
######.# #.#.#)#..##.##.#
.......# #.#.#.#..##.##.#
.#########.#.#.#..##.##.#
.#..<......#.#.#..##.##.#


You could see a scorpion and a hobgoblin.

Vanquished Creatures
  A centaur (D:3)
  Jessica (D:3)
  Terence (D:2)
  2 adders
  A worm (D:3)
  2 dart slugs (D:2)
  6 orcs (D:3)
  3 endoplasms
  3 giant cockroaches
  5 goblins
  4 hobgoblins (D:1)
  7 jackals (D:1)
  4 quokkas
  A ball python (D:1)
  3 bats
  2 frilled lizards
  6 kobolds
  3 rats
55 creatures vanquished.

Notes
Turn   | Place    | Note
-------+----------+-------------------------------------------
     0 | D:1      | pkoi the Demigod Gladiator began the quest for the Orb.
     0 | D:1      | Reached XP level 1. HP: 17/17 MP: 3/3
   122 | D:1      | Reached skill level 3 in Unarmed Combat
   339 | D:1      | Reached XP level 2. HP: 23/24 MP: 4/4
  1273 | D:2      | Reached XP level 3. HP: 21/29 MP: 5/5
  1384 | D:2      | Reached skill level 4 in Unarmed Combat
  1522 | D:2      | Noticed Terence
  1644 | D:2      | Killed Terence
  2209 | D:3      | Reached XP level 4. HP: 34/36 MP: 6/6
  2665 | D:3      | Noticed Jessica
  2678 | D:3      | Killed Jessica
  2679 | D:3      | Reached skill level 5 in Unarmed Combat
  3244 | D:4      | Noticed a centaur
  3259 | D:3      | Killed a centaur
  3260 | D:3      | Reached XP level 5. HP: 20/41 MP: 7/7
  3436 | D:3      | Succumbed to a scorpion's poison

Illustrated notes

Levels and vault maps discovered:
D:1:      dpeg_arrival_radiant, layout_basic, hangedman_abyss_or_decor_stabs
D:2:      layout_basic, uniq_terence
D:3:      layout_basic, mainiacjoe_overflow_large_starburst,
          chequers_ecumenical_altar_simple_redux, dk_noncrumbling_4,
          minmay_fractal_squares_5, uniq_jessica
D:4:      layout_rooms, mainiacjoe_overflow_two_lobes, ebering_ghost_sewer_f,
          portal_sewer_entry_d, uniq_pikel

Skill      XL: |  1  2  3  4 |
---------------+-------------+-----
Unarmed Combat | 3 4 5 |  5.9
Fighting       | |  1.7
Throwing       | |  1.7
Dodging        | |  2.6

Action                   |  1- 3 |  4- 6 || total
-------------------------+-------+-------++-------
Melee: Unarmed           |   150 |    99 ||   249
       Punch             |     3 |     4 ||     7
       Dagger            |     4 |       ||     4
 Stab: Sleeping          |     2 |       ||     2
Armor: Leather armour    |    39 |       ||    39
       Plate armour      |     1 |    74 ||    75
Dodge: Dodged            |    86 |    19 ||   105
